 Dungeon Crawl Stone Soup version 0.26.1-2-gb8aa6d0cf2 (webtiles) character file.

Game seed: 12518835430864763730

262 raph the Digger (level 5, -1/28 HPs)
             Began as a Deep Elf Earth Elementalist on Mar 30, 2021.
             Slain by an ogre
             ... wielding a cursed -1 giant club
              (20 damage)
             ... on level 4 of the Dungeon.
             The game lasted 00:05:56 (4691 turns).

raph the Digger (Deep Elf Earth Elementalist)       Turns: 4691, Time: 00:05:56

Health: -1/28      AC:  2    Str:  5    XL:     5   Next: 97%
Magic:  12/13      EV: 14    Int: 21    God:
Gold:   168        SH:  0    Dex: 15    Spells: 1/12 levels left

rFire    . . .     SeeInvis .   i - +0 short sword (venom)
rCold    + . .     Faith    .   (no shield)
rNeg     . . .     Spirit   .   c - +0 robe
rPois    .         Reflect  .   (no helmet)
rElec    .         Harm     .   e - scarf {shadows}
rCorr    +         Rampage  .   (no gloves)
Will     .....                  (no boots)
Stlth    ++........             (no amulet)
HPRegen  0.09/turn              k - ring of resist corrosion
MPRegen  0.13/turn              p - ring of protection from cold

@: no status effects
A: no striking features
a: no special abilities


You were on level 4 of the Dungeon.
You visited 1 branch of the dungeon, and saw 4 of its levels.

You collected 168 gold pieces.

Inventory:

Hand Weapons
 d - a +0 dagger
 i - a +0 short sword of venom (weapon)
Missiles
 b - 36 stones
Armour
 c - a +0 robe (worn)
 e - a scarf of shadows (worn)
Jewellery
 k - a ring of resist corrosion (left hand)
 p - a ring of protection from cold (right hand)
 q - a +4 ring of evasion {unknown}
Scrolls
 f - 2 scrolls of teleportation {unknown}
 j - 3 scrolls of remove curse
 m - a scroll of blinking {unknown}
Potions
 a - 2 potions of haste {unknown}
 g - a potion of cancellation {unknown}
 h - a potion of berserk rage {unknown}
 l - a potion of mutation {unknown}
 n - 2 potions of curing {unknown}
 o - 2 potions of brilliance {unknown}


   Skills:
 - Level 3.5 Dodging
 - Level 3.6 Stealth
 - Level 4.1 Spellcasting
 - Level 1.1 Transmutations
 * Level 6.1 Earth Magic


You had one spell level left.
You knew the following spells:

 Your Spells              Type           Power        Failure   Level
a - Sandblast             Erth           30%          1%          1
b - Passwall              Tmut/Erth      7%           4%          2
c - Stone Arrow           Conj/Erth      16%          10%         3
d - Lee's Rapid Deconstr  Erth           7%           26%         5

Your spell library contained the following spells:

 Spells                   Type           Power        Failure   Level
 Petrify                  Tmut/Erth      9%           26%         4


Dungeon Overview and Level Annotations

Branches:
Dungeon (4/15)
 Temple: D:4-7

Altars:
Trog

Annotations:
D:3 2 transporters


Message History

Aiming: Sandblast (safe; 1% risk of failure)
Press: ? - help, Q - select action, (/) - cycle Shift-Dir - straight line, f - ogre
Aim: an ogre, wielding a -1 giant club (10% to evade)
You feel a numb sensation.
The blast of sand hits the ogre!
The ogre is moderately wounded.
A leopard gecko skeleton comes into view.
The ogre hits you with a cursed -1 giant club.
You barely miss the ogre.
The ogre is moderately wounded.
The ogre closely misses you.
You closely miss the ogre.
The ogre is moderately wounded.
You barely miss the ogre.
The ogre is moderately wounded.
The ogre hits you with a cursed -1 giant club.
You hit the ogre.
The ogre is poisoned.
The ogre is moderately wounded.
The ogre hits you with a cursed -1 giant club!!
Ouch! That really hurt!
You die...

# ##.....#
#....[.....
#......##
#........##
#.....##...##
#..### ##...#
### #...##
####...##
##.......###.
......@.....#
....ZO#....##
......#...##
.....###.##
..... .#
..... ## ....


You could see an ogre (very poisoned) and a leopard gecko skeleton.

Vanquished Creatures
  An ogre (D:4)
  A worker ant (D:4)
  6 adders
  3 oozes
  3 worms
  A leopard gecko (D:3)
  4 orcs (D:3)
  5 bats
  5 giant cockroaches
  6 hobgoblins
  8 jackals (D:3)
  8 kobolds
  2 quokkas
  A ball python (D:4)
  7 frilled lizards
  8 goblins
  8 rats
77 creatures vanquished.

Notes
Turn   | Place    | Note
-------+----------+-------------------------------------------
     0 | D:1      | raph the Deep Elf Earth Elementalist began the quest for
                  | the Orb.
     0 | D:1      | Reached XP level 1. HP: 10/10 MP: 6/6
   239 | D:1      | Reached XP level 2. HP: 15/15 MP: 8/8
  1144 | D:1      | Learned a level 2 spell: Passwall
  1679 | D:2      | Reached XP level 3. HP: 14/19 MP: 3/9
  1683 | D:2      | Learned a level 3 spell: Stone Arrow
  1821 | D:2      | You fall into a shaft and drop 1 floor!
  1849 | D:1      | Reached skill level 4 in Earth Magic
  2209 | D:2      | Reached XP level 4. HP: 23/24 MP: 11/11
  3016 | D:3      | Found a transporter.
  3093 | D:3      | Found a transporter.
  3322 | D:3      | Found a bloodstained altar of Trog.
  3387 | D:3      | Reached XP level 5. HP: 28/28 MP: 13/13
  3421 | D:3      | Learned a level 5 spell: Lee's Rapid Deconstruction
  4037 | D:3      | Found a faded altar of an unknown god.
  4241 | D:3      | Reached skill level 5 in Earth Magic
  4308 | D:4      | Noticed an ogre
  4319 | D:4      | Killed an ogre
  4367 | D:4      | Reached skill level 6 in Earth Magic
  4682 | D:4      | Noticed an ogre
  4691 | D:4      | Slain by an ogre

Illustrated notes

Levels and vault maps discovered:
D:1:      lightli_arrival_lavapool, layout_basic
D:2:      layout_rooms
D:3:      gammafunk_steamed_eel, layout_basic, chequers_ecumenical_altar_grove,
          grunt_decor_one_mirror, bloody_trog
D:4:      layout_cave_pods, serial_shops,
          nicolae_shop_competitors_out_of_business

Skill      XL: |  1  2  3  4  5 |
---------------+----------------+-----
Stealth        | 3 |  3.6
Dodging        | 3 |  3.5
Earth Magic    | 4 6 |  6.1
Spellcasting   | 4 |  4.1
Transmutations | |  1.1

Action                   |  1- 3 |  4- 6 || total
-------------------------+-------+-------++-------
Melee: Dagger            |    33 |       ||    33
       Short sword       |    30 |    96 ||   126
 Cast: Sandblast         |    30 |    32 ||    62
  Use: Scroll            |       |     2 ||     2
 Stab: Sleeping          |     2 |     4 ||     6
       Distracted        |       |     2 ||     2
Armor: Robe              |    11 |    18 ||    29
Dodge: Dodged            |    62 |    95 ||   157
